Map: Arctic Gates

Players

Chron

  • Race: Protoss Protoss
  • Spawn Location: 0:00

Hearrtz

  • Race: Protoss Protoss
  • League: Diamond
  • Spawn Location: 9:00

ILIEKEGGPIE - Winner!

  • Race: Protoss Protoss
  • Spawn Location: 0:00

BizMac - Winner!

  • Race: Zerg Zerg
  • Spawn Location: 3:00

VOD

Have the link to the VOD?

Description

Time

  • Played on: April 3, 2018, 12:14 p.m.
  • Length: 19:47
Show
View Real Time Build Order
Export as new Build Order

Chron Protoss 

Build Orders:  

Get SALT Encoding   

  12  0:02  Probe  
  13  0:18  Probe (Chrono Boost)  
  13  0:20  Pylon  
  14  0:28  Probe (Chrono Boost)  
  15  0:37  Probe  
  15  0:42  Gateway  
  16  0:49  Probe  
  17  0:57  Pylon  
  17  1:01  Probe  
  17  1:02  Assimilator  
  18  1:14  Probe  
  18  1:15  Assimilator  
  19  1:26  Probe  
  19  1:30  Cybernetics Core  
  20  1:38  Probe  
  23  1:40  Zealot  
  23  1:50  Probe  
  24  2:07  Warp Gate  
  24  2:13  Nexus  
  24  2:33  Stalker  
  26  2:45  Probe (Chrono Boost)  
  27  2:55  Probe (Chrono Boost)  
  28  3:00  Probe (Chrono Boost)  
  28  3:02  Pylon  
  28  3:05  Robotics Facility  
  29  3:11  Probe (Chrono Boost)  
  30  3:18  Probe (Chrono Boost)  
  31  3:25  Probe  
  32  3:33  Pylon  
  32  3:34  Gateway  
  32  3:38  Probe (Chrono Boost)  
  34  3:43  Probe (Chrono Boost)  
  34  3:46  Stalker  
  37  3:48  Probe (Chrono Boost)  
  37  3:52  Observer (Chrono Boost), Probe (Chrono Boost)  
  37  3:53  Probe (Chrono Boost)  
  40  4:02  Probe  
  39  4:05  Probe  
  40  4:17  Probe  
  40  4:29  Probe  
  41  4:37  Probe  
  42  4:41  Probe  
  45  4:48  Immortal  
  45  4:49  Probe  
  48  4:53  Probe (Chrono Boost)  
  49  5:04  Assimilator  
  49  5:05  Probe (Chrono Boost)  
  50  5:08  Assimilator  
  50  5:13  Probe (Chrono Boost)  
  51  5:19  Probe  
  52  5:28  Immortal  
  56  5:31  Gateway, Probe  
  56  5:33  Gateway  
  56  5:35  Gateway x2  
  57  5:39  Pylon  
  57  5:41  Pylon  
  55  6:08  Probe (Chrono Boost)  
  56  6:15  Stalker x2  
  61  6:18  Probe (Chrono Boost)  
  61  6:23  Probe (Chrono Boost)  
  61  6:25  Immortal  
  66  6:39  Probe  
  67  6:45  Stalker x2  
  71  6:47  Stalker  
  71  6:51  Probe  
  71  6:52  Pylon  
  73  6:54  Pylon  
  73  6:58  Pylon  
  73  7:00  Pylon  
  73  7:03  Pylon  
  73  7:04  Immortal  
  77  7:12  Stalker x3  
  77  7:13  Stalker x2  
  77  7:14  Stalker  
  89  7:26  Forge  
  89  7:28  Forge x2  
  86  7:44  Immortal  
  90  7:46  Stalker x2  
  90  7:47  Stalker x3  
  90  7:48  Stalker  
  102  7:58  Pylon  
  102  8:00  Pylon  
  102  8:07  Probe  
  102  8:10  Protoss Ground Weapons Level 1  
  102  8:11  Protoss Ground Armor Level 1  
  102  8:12  Protoss Shields Level 1  
  103  8:25  Photon Cannon  
  103  8:27  Photon Cannon  
  103  8:29  Photon Cannon  
  104  8:48  Probe x2  
  104  8:51  Nexus  
  105  9:00  Probe  
  105  9:01  Probe  
  105  9:02  Pylon  
  107  9:05  Immortal  
  111  9:12  Probe  
  111  9:13  Probe  
  113  9:24  Probe  
  114  10:16  Stalker x2  
  114  10:17  Stalker x3  
  114  10:18  Stalker  
  114  10:20  Immortal  
  128  10:59  Immortal  
  128  11:00  Stalker x4  
  128  11:01  Stalker x2  
  144  11:38  Immortal  
  96  12:17  Immortal  
  78  12:38  Stalker  
  78  12:39  Stalker x5  
  74  12:47  Twilight Council  
  74  13:03  Stalker  
  74  13:04  Stalker x4  
  84  13:06  Stalker  
  57  13:31  Stalker x2  
  57  13:33  Stalker  
  57  13:34  Stalker x3  
  49  13:56  Pylon  
  49  13:59  Stalker x2, Pylon  
  49  14:00  Stalker x2, Pylon  
  49  14:01  Stalker  
  59  14:05  Immortal  
  57  14:24  Stalker x2  
  57  14:25  Stalker x2  
  57  14:26  Stalker  
  67  14:44  Immortal  
  71  14:49  Stalker  
  71  14:50  Stalker x3  
  71  14:51  Stalker, Nexus  
  81  14:58  Pylon  
  81  15:00  Pylon  
  81  15:01  Pylon  
  81  15:08  Assimilator  
  81  15:13  Assimilator, Blink  
  81  15:23  Immortal  
  85  15:32  Stalker  
  85  15:33  Stalker  
  85  15:34  Sentry  
  85  15:35  Sentry  
  93  15:54  Stalker  
  93  15:56  Stalker  
  97  15:57  Stalker  
  97  15:58  Stalker  
  97  15:59  Stalker  
  97  16:03  Immortal  
  107  16:04  Probe (Chrono Boost)  
  108  16:14  Probe (Chrono Boost)  
  109  16:19  Probe (Chrono Boost)  
  109  16:24  Protoss Ground Weapons Level 2  
  110  16:25  Protoss Ground Armor Level 2  
  110  16:30  Probe  
  107  16:42  Immortal, Probe  
  96  17:07  Stalker x3  
  96  17:08  Stalker  
  104  17:09  Stalker  
  106  17:21  Immortal  
  92  18:35  Stalker x2  
  92  18:36  Stalker  
  92  18:37  Stalker x2  
  84  18:46  Immortal  
  74  19:03  Stalker  
  74  19:04  Stalker x3  
  74  19:05  Stalker  
  60  19:16  Nexus  
Show
View Real Time Build Order
Export as new Build Order

Hearrtz Protoss 

Build Orders: 1 Gate Expand, Phoenix Opening 

Get SALT Encoding   

  12  0:01  Probe  
  13  0:13  Probe  
  14  0:23  Pylon  
  14  0:25  Probe  
  15  0:41  Probe  
  16  0:44  Gateway  
  16  0:50  Assimilator  
  16  0:58  Probe (Chrono Boost)  
  17  1:10  Probe (Chrono Boost)  
  18  1:16  Probe (Chrono Boost)  
  19  1:24  Probe  
  20  1:33  Nexus  
  20  1:50  Cybernetics Core  
  20  1:54  Pylon  
  20  1:57  Probe  
  21  2:01  Assimilator  
  21  2:11  Probe  
  22  2:25  Adept (Chrono Boost)  
  24  2:30  Warp Gate  
  24  2:35  Pylon  
  24  2:41  Gateway  
  24  2:49  Probe  
  24  2:54  Stargate  
  26  3:01  Stalker (Chrono Boost)  
  26  3:04  Probe  
  26  3:05  Probe  
  28  3:16  Probe  
  29  3:22  Probe  
  30  3:28  Adept (Chrono Boost)  
  30  3:29  Probe  
  35  3:34  Stalker (Chrono Boost)  
  35  3:37  Probe  
  35  3:41  Probe  
  37  3:45  Phoenix (Chrono Boost)  
  39  3:49  Probe  
  39  3:52  Adept  
  42  3:59  Sentry  
  44  4:21  Probe x2  
  46  4:33  Probe x2  
  48  4:40  Robotics Facility  
  48  4:43  Pylon  
  48  4:59  Probe x2  
  50  5:00  Oracle  
  53  5:08  Pylon  
  53  5:11  Assimilator, Probe x2  
  55  5:15  Assimilator  
  55  5:23  Probe x2  
  55  5:25  Stalker x2  
  65  5:28  Immortal  
  65  5:35  Probe  
  66  5:51  Probe x2  
  68  6:03  Stalker  
  70  6:07  Pylon  
  70  6:09  Pylon  
  70  6:14  Gateway  
  70  6:16  Gateway  
  70  6:18  Gateway x2  
  70  6:21  Gateway  
  70  6:22  Gateway  
  70  6:27  Sentry x2  
  70  6:32  Probe x2  
  76  6:33  Pylon  
  76  6:44  Probe  
  77  6:55  Warp Prism  
  79  7:05  Probe  
  79  7:06  Probe  
  81  7:18  Probe  
  81  7:21  Nexus  
  82  7:23  Pylon  
  82  7:26  Pylon  
  82  7:30  Assimilator  
  82  7:35  Assimilator  
  82  7:43  Stalker x2  
  86  7:47  Observer  
  87  7:54  Forge x2  
  87  7:56  Twilight Council  
  87  7:58  Pylon  
  87  8:03  Pylon  
  87  8:06  Immortal (Chrono Boost)  
  91  8:17  Probe x2  
  93  8:26  Zealot x4  
  101  8:27  Zealot x3  
  101  8:29  Probe  
  108  8:38  Charge  
  108  8:40  Protoss Ground Weapons Level 1 (Chrono Boost)  
  108  8:41  Protoss Ground Armor Level 1 (Chrono Boost)  
  108  8:43  Probe  
  108  8:44  Probe  
  108  8:47  Pylon  
  110  8:50  Immortal  
  110  8:51  Void Ray  
  118  9:00  Probe x2  
  118  9:01  Probe  
  121  9:12  Probe  
  121  9:13  Probe x2  
  124  9:17  Templar Archives  
  124  9:25  Sentry, Probe x3  
  124  9:26  Sentry x3  
  124  9:27  Zealot x3  
  141  9:34  Void Ray  
  144  10:05  Pylon  
  144  10:06  Pylon x2  
  144  10:07  Pylon  
  144  10:08  Pylon x2  
  144  10:13  Pylon  
  144  10:15  Pylon  
  144  10:21  Protoss Ground Armor Level 2 (Chrono Boost), Psionic Storm, Protoss Ground Weapons Level 2 (Chrono Boost)  
  144  10:23  Probe x3  
  144  10:24  Blink  
  124  10:46  Zealot x7  
  124  10:47  Zealot  
  140  10:51  Immortal  
  140  10:52  Void Ray  
  148  11:10  Probe x2  
  150  11:30  Immortal  
  154  11:36  Nexus  
  154  11:40  Pylon  
  154  11:42  Pylon  
  154  11:45  Assimilator  
  148  11:49  Assimilator  
  140  11:54  Pylon  
  90  12:22  Stalker x4  
  88  12:23  High Templar x4  
  90  12:34  Archon  
  90  12:35  Archon  
  90  12:43  Gateway  
  90  12:44  Gateway  
  90  12:47  Gateway  
  90  12:48  Gateway  
  90  12:50  Zealot x4  
  98  12:53  Probe x2  
  98  12:54  Probe  
  97  13:13  High Templar x2  
  97  13:14  High Templar x6  
  97  13:18  Protoss Ground Weapons Level 3, Protoss Ground Armor Level 3  
  97  13:19  Archon x2  
  113  13:20  Archon  
  113  13:23  Archon  
  105  13:56  Zealot x3  
  105  13:57  Zealot x5  
  68  14:20  Zealot x4  
  68  14:21  Zealot x4  
  76  14:25  Probe x2  
  76  14:26  Probe  
  73  14:37  Probe  
  73  14:38  Probe x2  
  76  14:46  High Templar x6  
  76  14:47  High Templar x2  
  76  14:49  Probe  
  93  14:58  Nexus  
  93  15:00  Pylon  
  93  15:02  Archon x2  
  93  15:03  Archon x2  
  93  15:09  Probe x3  
  96  15:21  Probe  
  93  15:32  Stalker x4  
  93  15:33  Stalker  
  93  15:34  Zealot x4  
  93  15:35  Zealot x3  
  101  15:58  Void Ray  
  101  15:59  Stalker x5  
  101  16:00  Stalker x6  
  101  16:04  Immortal (Chrono Boost)  
  123  16:11  Protoss Shields Level 1 (Chrono Boost)  
  131  16:23  Probe  
  131  16:24  Probe x2  
  134  16:26  Probe  
  135  16:36  Immortal (Chrono Boost), Probe  
  130  16:51  High Templar x8  
  130  16:52  High Templar x2  
  150  16:55  Archon  
  150  16:56  Archon x4  
  150  17:11  Immortal (Chrono Boost)  
  120  17:46  Zealot x7  
  120  17:47  Zealot x5  
  106  18:13  Zealot x2  
  106  18:14  Zealot x7  
  106  18:15  Zealot  
  80  18:44  Stalker x3  
  80  18:45  Stalker x6  
  80  18:46  Stalker  
  90  19:08  Immortal  
  94  19:11  Zealot x2  
  94  19:12  Zealot x7  
  94  19:13  Zealot  
  86  19:34  High Templar x4  
  86  19:35  High Templar x6  
  94  19:39  Archon x2  
  94  19:40  Archon x3  
Show
View Real Time Build Order
Export as new Build Order

ILIEKEGGPIE Protoss - Winner!

Build Orders:  

Get SALT Encoding   

  12  0:01  Probe  
  13  0:13  Probe  
  14  0:19  Pylon  
  14  0:26  Probe  
  15  0:40  Gateway  
  15  0:42  Probe  
  16  0:51  Assimilator  
  16  0:54  Probe  
  17  1:01  Gateway  
  17  1:16  Probe  
  18  1:27  Pylon  
  18  1:28  Probe  
  18  1:29  Cybernetics Core  
  19  1:40  Probe  
  19  1:46  Assimilator  
  21  2:01  Probe  
  21  2:04  Warp Gate (Chrono Boost)  
  21  2:13  Robotics Facility, Probe  
  22  2:25  Probe  
  23  2:35  Stalker (Chrono Boost)  
  23  2:36  Stalker (Chrono Boost)  
  23  2:37  Probe  
  28  2:58  Pylon  
  28  3:01  Warp Prism (Chrono Boost)  
  30  3:16  Stalker  
  32  3:24  Stalker  
  33  3:46  Nexus  
  33  3:55  Forge  
  33  4:14  Stalker x2  
  37  4:35  Probe  
  38  4:39  Protoss Ground Weapons Level 1 (Chrono Boost), Pylon  
  38  4:47  Probe (Chrono Boost)  
  38  4:49  Twilight Council  
  39  4:54  Photon Cannon  
  41  5:00  Probe (Chrono Boost)  
  41  5:04  Probe (Chrono Boost)  
  41  5:09  Probe (Chrono Boost)  
  41  5:12  Probe (Chrono Boost)  
  43  5:31  Zealot  
  43  5:32  Zealot  
  47  5:43  Blink (Chrono Boost)  
  47  5:48  Photon Cannon  
  43  5:58  Stalker x2  
  43  5:59  Probe  
  43  6:00  Probe  
  43  6:01  Assimilator  
  49  6:04  Assimilator  
  49  6:07  Pylon  
  49  6:11  Probe  
  49  6:12  Probe  
  51  6:26  Protoss Ground Weapons Level 2 (Chrono Boost)  
  51  6:36  Probe, Nexus  
  51  6:37  Probe  
  53  6:48  Probe  
  53  6:49  Probe  
  53  6:54  Observer  
  56  7:01  Probe x2 (Chrono Boost)  
  58  7:05  Zealot x2  
  62  7:13  Probe (Chrono Boost)  
  64  7:19  Probe (Chrono Boost)  
  64  7:21  Probe (Chrono Boost)  
  65  7:25  Probe (Chrono Boost)  
  66  7:33  Probe  
  66  7:35  Stalker  
  69  7:37  Probe  
  69  7:42  Immortal  
  70  7:47  Probe  
  70  7:51  Probe x2  
  73  7:52  Pylon  
  73  7:54  Pylon  
  73  8:00  Probe  
  73  8:02  Photon Cannon  
  73  8:03  Probe x2  
  76  8:12  Probe  
  77  8:15  Probe  
  78  8:25  Protoss Ground Weapons Level 3 (Chrono Boost)  
  78  8:26  Probe x2  
  80  8:27  Probe  
  80  8:29  Pylon  
  80  8:32  Gateway, Pylon  
  80  8:34  Gateway, Pylon  
  81  8:37  Gateway  
  81  8:38  Probe  
  81  8:39  Gateway  
  82  8:41  Charge (Chrono Boost), Gateway  
  82  8:44  Immortal (Chrono Boost)  
  86  8:54  Assimilator  
  86  8:57  Pylon  
  86  8:59  Assimilator  
  86  9:10  Pylon  
  86  9:22  Zealot x2  
  90  9:32  Zealot  
  90  9:34  Zealot  
  94  9:51  Stalker  
  94  9:52  Sentry x2  
  100  9:53  Stalker x3  
  96  10:15  Forge  
  96  10:20  Immortal  
  100  10:21  Pylon  
  100  10:27  Robotics Facility  
  100  10:29  Stalker x4  
  100  10:30  Stalker x3, Pylon  
  114  11:00  Probe (Chrono Boost)  
  117  11:06  Probe x2 (Chrono Boost)  
  117  11:08  Immortal  
  121  11:13  Templar Archives  
  121  11:16  Gateway  
  121  11:18  Gateway  
  102  12:02  Stalker  
  88  12:21  Probe (Chrono Boost)  
  84  12:27  Probe x2 (Chrono Boost)  
  84  12:31  Probe (Chrono Boost)  
  84  12:33  Protoss Ground Armor Level 1 (Chrono Boost)  
  84  12:35  Probe x2 (Chrono Boost)  
  86  12:37  Protoss Shields Level 1 (Chrono Boost)  
  86  12:43  Probe  
  87  12:45  Probe  
  87  12:46  Probe  
  89  12:53  Pylon  
  89  12:54  Pylon  
  89  12:55  Probe  
  89  12:56  Pylon  
  90  13:03  Pylon  
  90  13:06  Pylon  
  90  13:10  Gateway  
  90  13:12  Gateway  
  90  13:13  Robotics Facility  
  90  13:16  Robotics Facility  
  90  13:18  Gateway  
  90  13:20  Gateway  
  90  13:23  Gateway  
  90  13:27  Gateway  
  90  13:30  Nexus  
  90  13:36  Pylon x2  
  90  13:44  Gateway  
  90  13:45  Gateway  
  90  13:48  Gateway  
  90  13:49  Gateway, Pylon  
  90  13:50  Gateway  
  90  13:51  Gateway  
  90  13:59  Probe x3  
  75  14:44  Assimilator  
  75  14:47  Assimilator  
  75  15:06  Immortal x2  
  83  15:13  Twilight Council  
  83  15:15  Stalker, Sentry x2  
  83  15:16  Stalker x3, Sentry x2  
  83  15:17  Stalker, Zealot x2  
  105  15:42  Immortal (Chrono Boost)  
  105  15:47  Immortal (Chrono Boost)  
  113  15:59  Stalker x5  
  113  16:00  Stalker x4  
  131  16:11  Robotics Bay  
  131  16:15  Immortal (Chrono Boost)  
  135  16:26  Protoss Ground Armor Level 2 (Chrono Boost), Protoss Shields Level 2 (Chrono Boost)  
  135  16:28  Pylon  
  135  16:30  Pylon, Nexus  
  135  16:31  Pylon  
  135  16:34  Pylon  
  131  17:01  Stalker  
  131  17:02  Stalker x5  
  131  17:03  Sentry x3, Extended Thermal Lance (Chrono Boost)  
  131  17:04  Colossus x2 (Chrono Boost)  
  161  17:16  Assimilator  
  161  17:21  Assimilator  
  161  17:26  Pylon  
  151  17:30  Pylon  
  151  17:34  Pylon  
  137  17:41  Stalker  
  137  17:42  Stalker x3, Sentry x3  
  137  17:43  Sentry  
  122  18:16  Stalker x5  
  122  18:17  Stalker  
  134  18:20  Probe x3  
  129  19:04  Immortal (Chrono Boost)  
  129  19:05  Immortal (Chrono Boost)  
  131  19:17  Robotics Facility  
  131  19:18  Robotics Facility  
  133  19:47  Nexus  
Show
View Real Time Build Order
Export as new Build Order

BizMac Zerg - Winner!

Build Orders: Pool First 

Get SALT Encoding   

  12  0:03  Drone  
  13  0:10  Drone  
  14  0:17  Overlord  
  14  0:36  Drone x3  
  17  0:47  Extractor  
  17  0:48  Spawning Pool  
  15  0:51  Drone  
  16  1:21  Drone  
  16  1:25  Hatchery  
  16  1:27  Drone  
  16  1:28  Drone  
  18  1:41  Queen  
  20  1:49  Metabolic Boost  
  21  1:54  Zergling x2  
  21  1:56  Zergling x2  
  22  2:03  Overlord  
  22  2:35  Drone x3  
  22  2:36  Extractor  
  24  2:39  Lair  
  24  2:41  Drone  
  24  2:42  Queen  
  27  2:58  Roach Warren  
  27  2:59  Drone x2  
  27  3:00  Drone  
  27  3:05  Drone  
  30  3:18  Queen  
  32  3:25  Drone x2  
  34  3:29  Drone  
  34  3:31  Drone  
  36  3:37  Overlord  
  36  3:54  Queen  
  38  4:04  Drone x2  
  38  4:09  Hydralisk Den  
  39  4:12  Drone x2  
  39  4:13  Drone  
  39  4:14  Evolution Chamber  
  39  4:15  Evolution Chamber, Drone  
  42  4:17  Drone x2  
  43  4:25  Spore Crawler  
  43  4:28  Spore Crawler  
  41  4:37  Drone x2  
  41  4:38  Drone  
  44  4:44  Overlord x2  
  44  4:47  Overlord  
  44  4:52  Extractor  
  44  4:53  Extractor  
  44  4:57  Zerg Missile Weapons Level 1  
  42  5:01  Zerg Ground Armor Level 1  
  42  5:09  Drone x3  
  42  5:10  Drone x2  
  47  5:54  Drone  
  47  5:55  Drone x5  
  53  6:10  Hatchery  
  52  6:15  Drone  
  53  6:20  Grooved Spines  
  53  6:26  Glial Reconstitution  
  53  6:35  Overlord x3  
  53  6:47  Overlord  
  53  6:48  Overlord  
  53  6:58  Drone  
  53  6:59  Hydralisk x13  
  80  7:04  Zerg Missile Weapons Level 2  
  80  7:07  Zerg Ground Armor Level 2  
  80  7:13  Overseer  
  80  7:14  Overseer  
  80  7:32  Muscular Augments  
  80  7:38  Drone  
  80  7:39  Drone x10  
  91  8:00  Extractor  
  91  8:01  Extractor  
  91  8:05  Drone x4  
  93  8:09  Overlord  
  93  8:15  Hatchery  
  92  8:20  Spine Crawler  
  92  8:23  Spore Crawler  
  92  8:26  Drone, Spine Crawler  
  90  8:31  Spine Crawler  
  89  8:38  Drone  
  89  8:39  Drone x2  
  89  8:40  Drone x3  
  95  8:41  Overlord  
  95  8:53  Roach x9  
  113  9:01  Drone  
  114  9:15  Hydralisk x4  
  122  9:18  Overlord x2  
  122  9:30  Drone  
  122  9:31  Drone x2  
  125  9:32  Overlord  
  125  9:33  Overlord x2  
  125  9:57  Hydralisk  
  125  9:58  Hydralisk x9  
  145  10:00  Hydralisk x2  
  149  10:26  Hydralisk x2  
  149  10:27  Overlord x2  
  135  10:46  Hydralisk x2  
  135  10:47  Roach  
  135  10:48  Roach x5  
  141  11:09  Overlord x2  
  141  11:10  Overlord x2  
  141  11:12  Hydralisk  
  141  11:13  Roach x2  
  147  11:19  Infestation Pit  
  134  11:58  Hydralisk  
  134  11:59  Hydralisk x6  
  134  12:00  Roach x6  
  105  12:30  Hydralisk  
  105  12:31  Hydralisk x3  
  105  12:32  Roach x2, Hydralisk x3  
  111  12:46  Overseer  
  111  12:52  Hive  
  109  13:19  Hydralisk x4  
  103  13:20  Roach  
  103  13:21  Hatchery, Roach x4  
  114  13:44  Hydralisk x7  
  114  13:45  Roach  
  114  13:46  Roach  
  122  14:16  Hydralisk  
  122  14:17  Hydralisk x9  
  104  14:37  Hydralisk x2  
  104  14:38  Roach x2  
  112  14:42  Drone x2  
  112  14:44  Drone x2  
  112  14:45  Drone  
  117  15:02  Spawning Pool  
  117  15:03  Drone  
  103  15:52  Hydralisk x2  
  103  15:53  Hydralisk x5  
  103  15:54  Viper, Roach  
  103  15:55  Roach x8, Hydralisk x2  
  103  15:56  Roach  
  144  15:58  Queen  
  144  16:02  Queen  
  148  16:08  Extractor x2  
  146  16:18  Hydralisk x2  
  146  16:19  Roach x4  
  146  16:20  Roach x2  
  146  16:24  Zerg Missile Weapons Level 3  
  162  16:32  Viper x3  
  157  16:59  Evolution Chamber  
  157  17:00  Evolution Chamber  
  155  17:15  Hydralisk x4  
  155  17:16  Hydralisk x2  
  155  17:17  Roach x8  
  141  17:53  Hydralisk x13  
  130  18:40  Hydralisk x3  
  109  18:41  Hydralisk  
  109  18:42  Roach x4, Hydralisk x4  
  117  19:14  Hydralisk x5  
  117  19:15  Hydralisk  
  117  19:16  Roach x6  
Tags
 
Add a new tag
Caveats
  • Supply blocks, unpowered buildings, or Contaminate may cause inaccurate times.
  • Supply counts are checked every 10 seconds.